 Dungeon Crawl Stone Soup version 0.20.1-1-g8b1a95d (webtiles) character file.

252 letownia2 the Grave Robber (level 5, -3/42 HPs)
             Began as a Deep Dwarf Necromancer on Nov 6, 2017.
             Shot with an arrow by a centaur (5 damage)
             ... on level 5 of the Dungeon.
             The game lasted 00:06:25 (2777 turns).

letownia2 the Grave Robber (Deep Dwarf Necromancer) Turns: 2777, Time: 00:06:26

Health: -3/42      AC:  5    Str: 12    XL:     5   Next: 89%
Magic:  8/9        EV: 11    Int: 16    God:
Gold:   127        SH:  0    Dex: 13    Spells: 0/10 levels left

rFire    . . .     SeeInvis +   a - +0 short sword
rCold    . . .     Gourm    .   (no shield)
rNeg     . . .     Faith    .   f - +0 ring mail
rPois    .         Spirit   .   (no helmet)
rElec    .         Reflect  .   (no cloak)
rCorr    .         Harm     .   (no gloves)
MR       .....                  (no boots)
Stlth    +.........             (no amulet)
Regen    0.0/turn               h - ring of wizardry
MPRegen  0.2/turn               o - ring of see invisible

@: non-regenerating
A: damage resistance, heal wounds, sense surroundings 1, no regeneration
a: Heal Wounds


You were on level 5 of the Dungeon.
You were near starving.

You visited 1 branch of the dungeon, and saw 5 of its levels.

You collected 127 gold pieces.

Inventory:

Hand Weapons
 a - a +0 short sword (weapon)
 k - a +1 hand axe of chopping
 q - a +0 trident
Armour
 f - a +0 ring mail (worn)
Jewellery
 h - a ring of wizardry (left hand)
 o - a ring of see invisible (right hand)
Scrolls
 e - a scroll of noise {unknown}
 g - 2 scrolls of teleportation {unknown}
 i - a scroll of blinking {unknown}
 j - a scroll of fog {unknown}
 l - 2 scrolls of amnesia {unknown}
 s - 3 scrolls of identify {unknown}
Potions
 d - 3 potions of curing {unknown}
 n - a potion of might {unknown}
 p - a potion of brilliance {unknown}
Books
 b - a book of Necromancy

   Spells                             Type                      Level
   a - Pain                           Necromancy                   1
   b - Animate Skeleton               Necromancy                   1
   c - Vampiric Draining              Necromancy                   3
   d - Regeneration                   Charms/Necromancy            3
   e - Animate Dead                   Necromancy                   4
   f - Control Undead                 Necromancy                   4
 t - a book of Minor Magic

   Spells                             Type                      Level
   a - Magic Dart                     Conjuration                  1
   b - Blink                          Translocation                2
   c - Call Imp                       Summoning                    2
   d - Slow                           Hexes                        2
   e - Conjure Flame                  Conjuration/Fire             3
   f - Mephitic Cloud                 Conjuration/Poison/Air       3
Comestibles
 c - 6 bread rations
 m - 4 fruits
 r - a royal jelly


   Skills:
 - Level 2.1 Dodging
 - Level 2.4 Stealth
 - Level 3.1 Spellcasting
 + Level 1.0 Conjurations
 - Level 6.2 Necromancy
 + Level 1.0 Fire Magic
 + Level 0.8 Air Magic
 + Level 0.8 Poison Magic


You couldn't memorise any spells.
You knew the following spells:

 Your Spells              Type           Power        Failure   Level  Hunger
a - Pain                  Necr           ###.         1%          1    #......
c - Conjure Flame         Conj/Fire      #.......     32%         3    ###....
e - Mephitic Cloud        Conj/Pois/Air  #.......     32%         3    ###....
v - Vampiric Draining     Necr           ###.......   4%          3    ###....


Dungeon Overview and Level Annotations

Branches:
Dungeon (5/15)
 Temple: D:4-7

Altars:

Annotations:
D:2 1 exclusion


Innate Abilities, Weirdness & Mutations

You are resistant to damage.
You can heal yourself by infusing magical energy.
You passively map a small area around you.
You do not regenerate.


Message History

Aim: an ogre, wielding a giant club (almost dead, chance to defeat MR: 81%)
The ogre barely resists.
The ogre hits you with a giant club!!
Ouch! That really hurt!
* * * LOW HITPOINT WARNING * * *
Unknown command.
Unknown command.
You hit the ogre.
You kill the ogre!
Your Conjurations skill increases to level 1!
Your Fire Magic skill increases to level 1!
Unknown command.
You see here a giant club.
You start resting.
Unknown command.
j - a scroll labeled XESTREA BE TUXI Unknown command.
A centaur comes into view.
The centaur shouts!
The centaur wields a shortbow.
The centaur shoots an arrow.
The arrow hits you.
You die...

* * ,, , * ,,
, * , ,, , ,
* * *, , ,
########### *
#..@......c
#.#########*
* ,#.#....# *
#.#.##.#
#.#).#.#####,
#.#<.#.....#
#.########.#
#..........#
############
*


You could see a centaur.

Vanquished Creatures
  An ogre (D:5)
  Natasha (thrice) (D:4)
  A worker ant (D:4)
  4 adders
  An adder zombie (D:4)
  3 leopard geckos
  3 giant cockroaches (D:4)
  2 hobgoblins
  2 jackals (D:3)
  4 kobolds (D:1)
  A quokka (D:4)
  A bat (D:3)
  A frilled lizard (D:3)
  4 goblins
  A leopard gecko skeleton (D:5)
  A rat (D:3)
33 creatures vanquished.

Notes
Turn   | Place    | Note
-------+----------+-------------------------------------------
     0 | D:1      | letownia2 the Deep Dwarf Necromancer began the quest for the Orb.
     0 | D:1      | Reached XP level 1. HP: 15/15 MP: 3/3
   428 | D:2      | Reached XP level 2. HP: 22/22 MP: 3/5
   661 | D:2      | Reached skill level 5 in Necromancy
   948 | D:3      | Reached XP level 3. HP: 28/28 MP: 0/6
   999 | D:3      | Learned a level 3 spell: Vampiric Draining
  1346 | D:4      | Noticed Natasha
  1356 | D:4      | Killed Natasha
  1356 | D:4      | Reached skill level 6 in Necromancy
  1356 | D:4      | Reached XP level 4. HP: 12/36 MP: 0/7
  1475 | D:4      | Noticed Natasha
  1482 | D:4      | Killed Natasha
  1558 | D:4      | Noticed Natasha
  1568 | D:4      | Killed Natasha
  1654 | D:4      | Reached XP level 5. HP: 27/42 MP: 1/9
  2151 | D:4      | Learned a level 3 spell: Mephitic Cloud
  2155 | D:4      | Learned a level 3 spell: Conjure Flame
  2566 | D:5      | Entered Level 5 of the Dungeon
  2598 | D:5      | Noticed an ogre
  2672 | D:5      | Noticed an ogre
  2697 | D:5      | HP: 2/42 [ogre/giant club (22)]
  2698 | D:5      | Killed an ogre
  2698 | D:5      | Reached skill level 1 in Conjurations
  2698 | D:5      | Reached skill level 1 in Fire Magic
  2777 | D:5      | Noticed a centaur
  2777 | D:5      | Shot with an arrow by a centaur

Skill      XL: |  1  2  3  4  5 |
---------------+----------------+-----
Spellcasting   | 2 3 |  3.1
Necromancy     | 5 6 |  6.2
Conjurations   | 1 |  1.0
Fire Magic     | 1 |  1.0
Dodging        | |  2.1
Stealth        | |  2.4
Air Magic      | |  0.8
Poison Magic   | |  0.8

Action                   |  1- 3 |  4- 6 || total
-------------------------+-------+-------++-------
Melee: Short sword       |    16 |    17 ||    33
 Cast: Pain              |    42 |    17 ||    59
       Vampiric Draining |     1 |     8 ||     9
       Mephitic Cloud    |       |     1 ||     1
  Eat: Chunk             |     1 |     5 ||     6
Armor: Ring mail         |    32 |     7 ||    39
Dodge: Dodged            |    48 |    13 ||    61
